 Dungeon Crawl Stone Soup version 0.18-a0-1426-g3b9a63c (webtiles) character file.

438 GrosslyIncandescent the Insei (level 6, 0/51 HPs)
             Began as a Mummy Monk on Feb 27, 2016.
             Slain by Natasha (6 damage)
             ... on level 4 of the Dungeon.
             The game lasted 00:10:35 (6176 turns).

GrosslyIncandescent the Insei (Mummy Monk)          Turns: 6176, Time: 00:10:35

Health: 0/51       AC:  2    Str: 14    XL:     6   Next: 69%
Magic:  6/6        EV: 14    Int: 12    God:
Gold:   242        SH:  0    Dex: 16    Spells: 0 memorised, 5 levels left

rFire  x . .     SeeInvis .       - Unarmed
rCold  + . .     Gourm    .     (no armour)
rNeg   + + +     Faith    .     (no shield)
rPois  ∞         Spirit   .     f - +1 hat
rElec  .         Dismiss  .     (no cloak)
rCorr  .         Reflect  .     a - +0 pair of gloves
SustAt +         Harm     .     (no boots)
MR     .....                    (no amulet)
Stlth  ++........               n - ring of sustain attributes
                                k - +2 ring of intelligence

@: slowed, very slow, not resistant to hostile enchantments, unstealthy
A: no food or potions, fire vulnerability, cold resistance 1, negative energy
resistance 3, torment resistance, unbreathing
a: no special abilities


You were on level 4 of the Dungeon.
You were not hungry.

You visited 1 branch of the dungeon, and saw 4 of its levels.

You collected 242 gold pieces.


Innate Abilities, Weirdness & Mutations

You do not eat or drink.
Your flesh is vulnerable to fire.
You are immune to poison.
Your flesh is cold resistant.
You are immune to negative energy.
You are immune to unholy pain and torment.
You can survive without breathing.


   Skills:
 - Level 5.0 Fighting
 + Level 3.5 Dodging
 - Level 1.5 Stealth
 - Level 5.1 Unarmed Combat


You had 5 spell levels left.
You didn't know any spells.

Inventory:

Missiles
 j - 10 exploding sling bullets (quivered)
Armour
 a - a +0 pair of gloves (worn)
 f - a +1 hat (worn)
Jewellery
 k - a +2 ring of intelligence (left hand)
 n - a ring of sustain attributes (right hand)
Scrolls
 b - a scroll of enchant armour {unknown}
 c - 3 scrolls of identify {unknown}
 d - 2 scrolls of teleportation {unknown}
 e - 2 scrolls of noise {unknown}
 g - a scroll of random uselessness {unknown}
 h - 2 scrolls of remove curse {unknown}
 i - a scroll of amnesia {unknown}
 l - a scroll of enchant weapon {unknown}
 m - a scroll of magic mapping {unknown}

Dungeon Overview and Level Annotations

Branches:
Dungeon (4/15)             Temple (0/1) D:4

Altars:
Ashenzari
Makhleb

Annotations:
D:3 ogre
D:4 Liam's ghost, amateur DEWz; Natasha

.............▒.▒▒....▒▒.▒▒▒▒.....
.............▒...†<..▒.....▒.....
...▒▒▒▒......▒.......▒.....▒.....
....▒.▒▒.....▒.......▒.....▒.....
.......▒.....▒.......▒.....▒.....
?...▒.▒......▒.......▒.....▒.....
...▒.▒.......▒.......▒.....+.....
.............▒.......▒.....▒.....
.............▒..M....▒.....▒.....
.............▒.h5....▒.....▒▒▒'▒▒
..........h..▒.†.....▒...........
.............▒5......▒...........
.............'.......▒...........
.......†.....▒.......▒.....▒▒....
........)....▒....#..▒.....▒▒....
.............▒......W▒...........
.............▒.......▒...........


You could see a phantom, Natasha, a crimson imp and a white imp.


Message History

* * * don't die
* * * You see here a quokka corpse!
You feel yourself speed up!
Natasha stares at you and mumbles some strange words!
The magic dart hits you!!! * * * don't die
* * * You squash Natasha but do no damage!
The white imp gestures at you! The puff of frost hits you!!!
You resist! * * * don't die
* * * You closely miss Natasha!
Natasha misses you! The white imp hits you! * * * don't die
* * * The white imp freezes you!
You resist! * * * don't die
* * * You pulverise Natasha!
Natasha is moderately wounded!
The phantom blinks!!!
Natasha stares at you and mumbles some strange words!
You feel yourself slow down! The white imp gestures at you!
The puff of frost misses you!
You beat Natasha into a bloody pulp!!!
Natasha is severely wounded!
The phantom blinks!!!
Natasha casts a spell!
The white imp completely misses you! Natasha closely misses you!
You barely miss Natasha!
Natasha is severely wounded!
The white imp completely misses you! Natasha claws you! rip

Action                   |  1- 3 |  4- 6 || total
-------------------------+-------+-------++-------
Melee: Unarmed           |   150 |   225 ||   375
 Stab: Sleeping          |     4 |     1 ||     5

Vault maps used:
D:1:      saegor_arrival_simple_d, solitary_fountain, ashenzari_altar_1
D:2:      nicolae_overflow_hidden_temple, first_bread, serial_forest,
          infiniplex_forest_clump_small, infiniplex_forest_corner_1,
          infiniplex_forest_straight_2, infiniplex_forest_corner_1,
          infiniplex_forest_lined_2
D:3:      lemuel_coloured_pillars_altar, serial_bayou_pond_a
D:4:      minmay_temple_entry_from_below_a, minmay_stone_trees_small,
          minmay_misc_feat_square, makhleb_altar_promises_db, uniq_natasha

Notes
Turn   | Place    | Note
--------------------------------------------------------------
     0 | D:1      | GrosslyIncandescent the Mummy Monk began the quest for the Orb.
     0 | D:1      | Reached XP level 1. HP: 18/18 MP: 1/1
   237 | D:1      | Found a shattered altar of Ashenzari.
   298 | D:2      | Reached XP level 2. HP: 21/24 MP: 2/2
   796 | D:1      | Reached skill level 4 in Unarmed Combat
  1275 | D:1      | Reached XP level 3. HP: 10/29 MP: 3/3
  2401 | D:3      | Reached XP level 4. HP: 35/35 MP: 4/4
  3191 | D:2      | Reached skill level 5 in Unarmed Combat
  3635 | D:3      | Found a burning altar of Makhleb.
  3864 | D:4      | Reached XP level 5. HP: 28/41 MP: 5/5
  4081 | D:4      | Reached skill level 4 in Fighting
  4177 | D:4      | Noticed Liam's ghost (amateur DEWz)
  4390 | D:4      | Noticed Natasha
  4629 | D:4      | HP: 2/43 [worker ant (7)]
  4634 | D:4      | Reached XP level 6. HP: 3/50 MP: 6/6
  5188 | D:4      | Reached skill level 5 in Fighting
  5377 | D:3      | Reached skill level 3 in Dodging
  5603 | D:4      | Found a staircase to the Ecumenical Temple.
  5654 | D:4      | Found a burning altar of Makhleb.
  5654 | D:4      | Noticed an Executioner
  6176 | D:4      | Slain by Natasha

Vanquished Creatures
  A phantom (D:3)
  A howler monkey (D:4)
  2 hounds (D:4)
  An orc wizard (D:4)
  A worker ant (D:4)
  A hound skeleton (D:4)
  3 gnolls
  8 adders
  A worm (D:2)
  A dart slug (D:4)
  4 giant geckos
  7 orcs
  7 giant cockroaches
  6 goblins
  10 hobgoblins
  3 jackals (D:1)
  A kobold (D:2)
  4 quokkas
  A ball python (D:1)
  2 bats
  5 giant newts
  A jackal skeleton (D:4)
  2 quokka skeletons (D:4)
  4 rats
77 creatures vanquished.
